TOP OF THE 1ST |
Orlando Calrissian batting - Pitching for Nassau Rockets : RHP Ron Bartlett
|
Pitching: RHP Ron Bartlett
|
|
Batting: RHB José Pérez
|
0-0: Fly out, F8 (Flyball, 8RM)
|
Batting: RHB Júlio Negrón
|
0-0: Ball 1-0: Called Strike 1-1: Called Strike 1-2: Strikes out swinging
|
Batting: RHB Rich Anderson
|
0-0: Ball 1-0: Called Strike 1-1: Fly out, F3 (Flyball, 3DF)
|
Top of the 1st over - 0 run(s), 0 hit(s), 0 error(s), 0 left on base; Orlando 0 - Nassau 0 |
BOTTOM OF THE 1ST |
Nassau Rockets batting - Pitching for Orlando Calrissian : LHP Arturo Sánchez
|
Pitching: LHP Arturo Sánchez
|
|
Batting: SHB Edgardo Osorio
|
0-0: Called Strike 0-1: Ball 1-1: Ball 2-1: Fly out, F7 (Flyball, 78M)
|
Batting: LHB Andrew Alvarado
|
0-0: Ball 1-0: Swinging Strike 1-1: Ball 2-1: Ground out 3-1 (Groundball, 34)
|
Batting: LHB Don Ramey
|
0-0: Ball 1-0: Foul Ball, location: 2F 1-1: Foul Ball, location: 2F 1-2: DOUBLE (Line Drive, 89M)
|
Batting: RHB Kenji Kudo
|
0-0: Called Strike 0-1: Ball 1-1: Called Strike 1-2: Fly out, F6 (Line Drive, 6M)
|
Bottom of the 1st over - 0 run(s), 1 hit(s), 0 error(s), 1 left on base; Orlando 0 - Nassau 0 |
TOP OF THE 2ND |
Orlando Calrissian batting - Pitching for Nassau Rockets : RHP Ron Bartlett
|
Batting: SHB Tim Abbott
|
0-0: Ball 1-0: Foul Ball, location: 2F 1-1: Foul Ball, location: 2F 1-2: Fly out, F9 (Flyball, 89S)
|
Batting: LHB Santiago Márquez
|
0-0: Ball 1-0: Swinging Strike 1-1: Called Strike 1-2: Ball 2-2: Strikes out swinging
|
Batting: RHB Frederico Hernández
|
0-0: Called Strike 0-1: SOLO HOME RUN (Flyball, 89XD), Distance : 370 ft
|
Batting: LHB Danny Allen
|
0-0: Foul Ball, location: 2F 0-1: Ball 1-1: Ball 2-1: Ball 3-1: Called Strike 3-2: Ground out 4-3 (Groundball, 4)
|
Top of the 2nd over - 1 run(s), 1 hit(s), 0 error(s), 0 left on base; Orlando 1 - Nassau 0 |
BOTTOM OF THE 2ND |
Nassau Rockets batting - Pitching for Orlando Calrissian : LHP Arturo Sánchez
|
Batting: LHB Wilson Allen
|
0-0: Ball 1-0: Ground out 4-3 (Groundball, 4)
|
Batting: SHB Howard Parker
|
0-0: Ball 1-0: Ball 2-0: Ball 3-0: Called Strike 3-1: Base on Balls
|
Batting: LHB Bob Martin
|
0-0: Called Strike 0-1: Ball 1-1: Ball 2-1: Called Strike Pickoff Throw to First - Out! 2-2: SINGLE (Groundball, 3S) (infield hit)
|
Batting: RHB Yaichiro Sugahara
|
0-0: Swinging Strike 0-1: Fly out, F9 (Flyball, 9D)
|
Bottom of the 2nd over - 0 run(s), 1 hit(s), 0 error(s), 1 left on base; Orlando 1 - Nassau 0 |
TOP OF THE 3RD |
Orlando Calrissian batting - Pitching for Nassau Rockets : RHP Ron Bartlett
|
Batting: SHB Brian Price
|
0-0: Called Strike 0-1: Ball 1-1: Foul Ball, location: 2F 1-2: SINGLE (Groundball, 2L) (infield hit)
|
Batting: RHB Jesús Gonzáles
|
0-0: Called Strike 0-1: Foul Ball, location: 2F 0-2: Ball 1-2: Ball 2-2: Fly out, F7 (Flyball, 7LD)
|
Batting: RHB José Pérez
|
0-0: Ball 1-0: Ground out 3-1 (Groundball, 34S) Brian Price to second
|
Batting: RHB Júlio Negrón
|
0-0: Called Strike 0-1: Hit by Pitch
|
Batting: RHB Rich Anderson
|
0-0: Ball 1-0: Called Strike 1-1: Fly out, F6 (Line Drive, 6)
|
Top of the 3rd over - 0 run(s), 1 hit(s), 0 error(s), 2 left on base; Orlando 1 - Nassau 0 |
BOTTOM OF THE 3RD |
Nassau Rockets batting - Pitching for Orlando Calrissian : LHP Arturo Sánchez
|
Batting: LHB Juan Romero
|
0-0: Swinging Strike 0-1: Ball 1-1: Fly out, F9 (Flyball, 89D)
|
Batting: SHB Edgardo Osorio
|
0-0: Ground out U3 (Groundball, 34)
|
Batting: LHB Andrew Alvarado
|
0-0: Ball 1-0: Called Strike 1-1: Ball 2-1: Ground out 4-3 (Groundball, 4)
|
Bottom of the 3rd over - 0 run(s), 0 hit(s), 0 error(s), 0 left on base; Orlando 1 - Nassau 0 |
TOP OF THE 4TH |
Orlando Calrissian batting - Pitching for Nassau Rockets : RHP Ron Bartlett
|
Batting: SHB Tim Abbott
|
0-0: Ball 1-0: Ball 2-0: SINGLE (Groundball, 6D)
|
Batting: LHB Santiago Márquez
|
0-0: Ball 1-0: Foul Ball, location: 2F 1-1: Ball 2-1: 2-RUN HOME RUN (Flyball, 9LD), Distance : 334 ft
|
Batting: RHB Frederico Hernández
|
0-0: SINGLE (Line Drive, 7S)
|
Batting: LHB Danny Allen
|
0-0: Called Strike 0-1: Ball 1-1: Ball 2-1: Ball 3-1: Fielders Choice at 2nd, 4-6 (Groundball, 34)
|
Batting: SHB Brian Price
|
0-0: Grounds into double play, 4-6-3 (Groundball, 4MD)
|
Top of the 4th over - 2 run(s), 3 hit(s), 0 error(s), 0 left on base; Orlando 3 - Nassau 0 |
BOTTOM OF THE 4TH |
Nassau Rockets batting - Pitching for Orlando Calrissian : LHP Arturo Sánchez
|
Batting: LHB Don Ramey
|
0-0: Ball 1-0: Foul Ball, location: 2F 1-1: Foul Ball, location: 2F 1-2: Ball 2-2: Ball 3-2: Foul Ball, location: 2F 3-2: Base on Balls
|
Batting: RHB Kenji Kudo
|
0-0: Fly out, F8 (Line Drive, 8LD)
|
Batting: LHB Wilson Allen
|
0-0: Ball 1-0: Ground out U3 (Groundball, 3) Don Ramey to second
|
Batting: SHB Howard Parker
|
0-0: Hit by Pitch
|
Batting: LHB Bob Martin
|
0-0: SINGLE (Groundball, 34S) (infield hit) Don Ramey to third Howard Parker to second
|
Batting: RHB Yaichiro Sugahara
|
0-0: Ball 1-0: Fly out, F9 (Flyball, 9LM)
|
Bottom of the 4th over - 0 run(s), 1 hit(s), 0 error(s), 3 left on base; Orlando 3 - Nassau 0 |
TOP OF THE 5TH |
Orlando Calrissian batting - Pitching for Nassau Rockets : RHP Ron Bartlett
|
Batting: RHB Jesús Gonzáles
|
0-0: Called Strike 0-1: Ball 1-1: Foul Ball, location: 2F 1-2: Strikes out swinging
|
Batting: RHB José Pérez
|
0-0: Ball 1-0: Fly out, F6 (Line Drive, 56)
|
Batting: RHB Júlio Negrón
|
0-0: Ball 1-0: Ball 2-0: Ball 3-0: Called Strike 3-1: Fly out, F8 (Flyball, 78D)
|
Top of the 5th over - 0 run(s), 0 hit(s), 0 error(s), 0 left on base; Orlando 3 - Nassau 0 |
BOTTOM OF THE 5TH |
Nassau Rockets batting - Pitching for Orlando Calrissian : LHP Arturo Sánchez
|
Batting: LHB Juan Romero
|
0-0: Foul Ball, location: 2F 0-1: Ball 1-1: Ball 2-1: Ball 3-1: Swinging Strike 3-2: Fly out, F9 (Flyball, 89D)
|
Batting: SHB Edgardo Osorio
|
0-0: Called Strike 0-1: Ball 1-1: Called Strike 1-2: Foul Ball, location: 2F 1-2: Strikes out swinging
|
Batting: LHB Andrew Alvarado
|
0-0: Ball 1-0: Fly out, F7 (Line Drive, 78S)
|
Bottom of the 5th over - 0 run(s), 0 hit(s), 0 error(s), 0 left on base; Orlando 3 - Nassau 0 |
TOP OF THE 6TH |
Orlando Calrissian batting - Pitching for Nassau Rockets : RHP Ron Bartlett
|
Batting: RHB Rich Anderson
|
0-0: Foul Ball, location: 2F 0-1: Foul Ball, location: 2F 0-2: Ball 1-2: Ball 2-2: Ball 3-2: SINGLE (Groundball, 6MD)
|
Batting: SHB Tim Abbott
|
0-0: Swinging Strike 0-1: Called Strike 0-2: Foul Ball, location: 2F 0-2: SINGLE (Line Drive, 7S) Rich Anderson to second
|
Batting: LHB Santiago Márquez
|
0-0: Ball 1-0: Called Strike 1-1: Called Strike 1-2: Strikes out looking
|
Batting: RHB Frederico Hernández
|
0-0: Ball 1-0: Called Strike 1-1: Swinging Strike 1-2: Grounds into double play, 5-4-3 (Groundball, 56)
|
Top of the 6th over - 0 run(s), 2 hit(s), 0 error(s), 1 left on base; Orlando 3 - Nassau 0 |
BOTTOM OF THE 6TH |
Nassau Rockets batting - Pitching for Orlando Calrissian : LHP Arturo Sánchez
|
Batting: LHB Don Ramey
|
0-0: Foul Ball, location: 2F 0-1: Called Strike 0-2: Foul Ball, location: 2F 0-2: Ball 1-2: Ball 2-2: Foul Ball, location: 2F 2-2: SINGLE (Groundball, 3D)
|
Batting: RHB Kenji Kudo
|
0-0: Called Strike 0-1: Foul Ball, location: 2F 0-2: Ball 1-2: DOUBLE (Flyball, 78D) Don Ramey to third
|
Batting: LHB Wilson Allen
|
0-0: Foul Ball, location: 2F 0-1: Foul Ball, location: 2F 0-2: Fly out, F7 (Flyball, 78S)
|
Batting: SHB Howard Parker
|
0-0: Ball Wild Pitch! Don Ramey scores Kenji Kudo to third 1-0: Ball 2-0: Ball 3-0: Swinging Strike 3-1: Foul Ball, location: 2F 3-2: Base on Balls
|
Batting: LHB Bob Martin
|
0-0: Called Strike 0-1: Called Strike 0-2: Ball 1-2: 3-RUN HOME RUN (Flyball, 89XD), Distance : 380 ft
|
Batting: RHB Yaichiro Sugahara
|
0-0: Ball 1-0: Foul Ball, location: 2F 1-1: Ball 2-1: Ball 3-1: Base on Balls
|
Batting: LHB Juan Romero
|
0-0: Ball 1-0: Called Strike 1-1: Grounds into double play, 4-6-3 (Groundball, 4)
|
Bottom of the 6th over - 4 run(s), 3 hit(s), 0 error(s), 0 left on base; Orlando 3 - Nassau 4 |
TOP OF THE 7TH |
Orlando Calrissian batting - Pitching for Nassau Rockets : RHP Ron Bartlett
|
Batting: LHB Danny Allen
|
0-0: Called Strike 0-1: Ball 1-1: Ball 2-1: Ball 3-1: Base on Balls
|
Pitching: RHP Nolan Baker
|
|
Batting: SHB Brian Price
|
0-0: Called Strike 0-1: Swinging Strike 0-2: Ball 1-2: Ball 2-2: Grounds into double play, 4-6-3 (Groundball, 4)
|
Batting: RHB Jesús Gonzáles
|
0-0: Called Strike 0-1: Foul Ball, location: 2F 0-2: Strikes out swinging
|
Top of the 7th over - 0 run(s), 0 hit(s), 0 error(s), 0 left on base; Orlando 3 - Nassau 4 |
BOTTOM OF THE 7TH |
Nassau Rockets batting - Pitching for Orlando Calrissian : LHP Arturo Sánchez
|
Pitching: RHP Will Huggins
|
|
Batting: SHB Edgardo Osorio
|
0-0: Swinging Strike 0-1: SINGLE (Groundball, 34) (infield hit)
|
Batting: LHB Andrew Alvarado
|
0-0: Ball Edgardo Osorio steals 2nd base 1-0: Ball 2-0: Called Strike 2-1: Foul Ball, location: 2F 2-2: Foul Ball, location: 2F 2-2: Fly out, F7 (Flyball, 7)
|
Batting: LHB Don Ramey
|
0-0: Intentional Walk
|
Pinch Hitting: LHB Doug Thompson
|
0-0: Called Strike 0-1: Ball 1-1: Ball 2-1: Foul Ball, location: 2F 2-2: SINGLE (Line Drive, 7LS) Edgardo Osorio to third Don Ramey to second Runner from 3rd tries for Home, SAFE, no throw
|
Batting: LHB Wilson Allen
|
0-0: Foul Ball, location: 2F 0-1: Swinging Strike 0-2: Strikes out looking
|
Batting: SHB Howard Parker
|
0-0: Ball 1-0: Fielders Choice at 2nd, 6-4 (Groundball, 6)
|
Bottom of the 7th over - 1 run(s), 2 hit(s), 0 error(s), 1 left on base; Orlando 3 - Nassau 5 |
TOP OF THE 8TH |
Orlando Calrissian batting - Pitching for Nassau Rockets : RHP Nolan Baker
|
Now in LF: Doug Thompson
|
|
Batting: RHB José Pérez
|
0-0: Ball 1-0: Called Strike 1-1: Swinging Strike 1-2: Foul Ball, location: 2F 1-2: Ground out 6-3 (Groundball, 6)
|
Batting: RHB Júlio Negrón
|
0-0: Called Strike 0-1: Foul Ball, location: 2F 0-2: Strikes out swinging
|
Batting: RHB Rich Anderson
|
0-0: Called Strike 0-1: Foul Ball, location: 2F 0-2: Foul Ball, location: 2F 0-2: Fly out, F9 (Flyball, 89D)
|
Top of the 8th over - 0 run(s), 0 hit(s), 0 error(s), 0 left on base; Orlando 3 - Nassau 5 |
BOTTOM OF THE 8TH |
Nassau Rockets batting - Pitching for Orlando Calrissian : RHP Will Huggins
|
Batting: LHB Bob Martin
|
0-0: Called Strike 0-1: Ball 1-1: Foul Ball, location: 2F 1-2: Foul Ball, location: 2F 1-2: Foul Ball, location: 2F 1-2: Ball 2-2: Fly out, F7 (Flyball, 7LSF)
|
Batting: RHB Yaichiro Sugahara
|
0-0: Called Strike 0-1: Ball 1-1: Ball 2-1: SINGLE (Flyball, 9LS)
|
Batting: LHB Juan Romero
|
0-0: Ball 1-0: Ball 2-0: 2-RUN HOME RUN (Line Drive, 7LS), Distance : 347 ft
|
Pitching: RHP Lance Sanders
|
|
Batting: SHB Edgardo Osorio
|
0-0: Ball 1-0: Called Strike 1-1: Foul Ball, location: 2F 1-2: Ball 2-2: Ball 3-2: Ground out 4-3 (Groundball, 4)
|
Batting: LHB Andrew Alvarado
|
0-0: Called Strike 0-1: Foul Ball, location: 2F 0-2: Ball 1-2: Ball 2-2: Ball 3-2: Base on Balls
|
Batting: LHB Don Ramey
|
0-0: Foul Ball, location: 2F 0-1: Called Strike 0-2: Ball 1-2: SINGLE (Groundball, 34D) Andrew Alvarado to second Runner from 2nd tries for 3rd, SAFE, throw made to third Don Ramey to second
|
Batting: LHB Doug Thompson
|
0-0: Ball 1-0: Ball 2-0: Ball Wild Pitch! Andrew Alvarado scores Don Ramey to third 3-0: Base on Balls
|
Batting: LHB Wilson Allen
|
0-0: Ball 1-0: Ball 2-0: Ball 3-0: Called Strike 3-1: Base on Balls Doug Thompson to second
|
Batting: SHB Howard Parker
|
0-0: Ball 1-0: Ground out 4-3 (Groundball, 4M)
|
Bottom of the 8th over - 3 run(s), 3 hit(s), 0 error(s), 3 left on base; Orlando 3 - Nassau 8 |
TOP OF THE 9TH |
Orlando Calrissian batting - Pitching for Nassau Rockets : RHP Nolan Baker
|
Pitching: RHP Guan-cai Yong
|
|
Batting: SHB Tim Abbott
|
0-0: Swinging Strike 0-1: Called Strike 0-2: Strikes out swinging
|
Batting: LHB Santiago Márquez
|
0-0: Ball 1-0: Called Strike 1-1: Called Strike 1-2: Strikes out swinging
|
Batting: RHB Frederico Hernández
|
0-0: Ball 1-0: Ball 2-0: Ball 3-0: Called Strike 3-1: Foul Ball, location: 2F 3-2: Ground out 5-3 (Groundball, 56)
|
Top of the 9th over - 0 run(s), 0 hit(s), 0 error(s), 0 left on base; Orlando 3 - Nassau 8 |
|